 Dungeon Crawl Stone Soup version 0.29.0-11-gd7f09526c8 (webtiles) character file.

Game seed: 11903124606833275618

4 Shayle the Sneak (level 1, 0/12 HPs)
             Began as a Tengu Brigand on Sept 4, 2022.
             Slain by a jackal (1 damage)
             ... on level 1 of the Dungeon.
             The game lasted 00:00:48 (65 turns).

Shayle the Sneak (Tengu Brigand)                      Turns: 65, Time: 00:00:49

Health: 0/12       AC:  3    Str: 11    XL:     1   Next: 60%
Magic:  2/2        EV: 12    Int: 11    God:
Gold:   5          SH:  0    Dex: 15    Spells: 0/0 levels left

rFire   . . .      SeeInvis .   a - +2 dagger
rCold   . . .      Faith    .   (no shield)
rNeg    . . .      Spirit   .   b - +0 robe
rPois   .          Reflect  .   (helmet restricted)
rElec   .          Harm     .   c - +0 cloak
rCorr   .          Rampage  .   (no gloves)
Will    .....                   (boots unavailable)
Stlth   +++.......              (no amulet)
HPRegen 0.04/turn               (no ring)
MPRegen 0.08/turn               (no ring)

@: no status effects
A: beak, talons 3
a: no special abilities


You were on level 1 of the Dungeon.
You visited 1 branch of the dungeon, and saw 1 of its levels.

You collected 5 gold pieces.

Inventory:

Hand Weapons
 a - a +2 dagger (weapon)
Missiles
 d - 8 poisoned darts (quivered)
Armour
 b - a +0 robe (worn)
 c - a +0 cloak (worn)
Potions
 f - a potion of resistance {unknown}


   Skills:
 + Level 2.1 Fighting
 - Level 2.1 Short Blades
 - Level 2.0 Throwing
 + Level 1.2 Dodging
 + Level 4.0 Stealth
 + Level 0.2 Spellcasting


You couldn't memorise any spells.
You didn't know any spells.
Your spell library was empty.

Dungeon Overview and Level Annotations

Branches:
Dungeon (1/15)

Altars:


Innate Abilities, Weirdness & Mutations

You have a beak for a mouth.
You have claws for feet.


Message History

The jackal moves out of view.
The jackal barks! x2
Things that are here:
a +0 short sword; 4 stones The jackal attacks as you move away!
The jackal bites you.
* * * LOW HITPOINT WARNING * * *
The jackal misses you. The jackal attacks as you move away!
The jackal closely misses you. The jackal barely misses you.
Throw: 3 darts (curare)
Press: ? - help, Q - select action, (/) - cycle Shift-Dir - straight line, f - jackal
Aim: a jackal (53% to hit)
You throw a curare-tipped dart. The curare-tipped dart hits the jackal.
The jackal is poisoned.
The jackal convulses.
The jackal seems to slow down.
The jackal is almost dead.
You kill the jackal!
Throw: 2 darts (curare)
Press: ? - help, Q - select action, (/) - cycle Shift-Dir - straight line, f - jackal
Aim: a jackal (53% to hit)
You throw a curare-tipped dart.
The curare-tipped dart closely misses the jackal.
Unknown command.
Throw: dart (curare)
Press: ? - help, Q - select action, (/) - cycle Shift-Dir - straight line, f/p - jackal
Aim: a jackal (53% to hit)
You throw a curare-tipped dart. The curare-tipped dart hits the jackal.
The jackal is poisoned.
The jackal convulses.
The jackal seems to slow down.
The jackal is severely wounded.
You kill the jackal!
Throw: 9 darts (poison)
Press: ? - help, Q - select action Shift-Dir - straight line, f - jackal
Aim: a jackal (53% to hit)
You throw a poisoned dart.
The poisoned dart closely misses the jackal.
The jackal bites you.
* * * LOW HITPOINT WARNING * * *
The jackal bites you.
You die...

##.#.##...#....<.#####
#.....#....###.........
####..##......###......
#...###.......######
#....^#####........
###....############
#.........##
#.#######..# #.# ##@#
#.# #h## ..########..##
###..........#
#....[.....#
#..........#
#...).........
#..........##.#
......?..#...... .


You could see a jackal.

Vanquished Creatures
  2 jackals (D:1)
  A ball python (D:1)
  A kobold (D:1)
4 creatures vanquished.

Notes
Turn   | Place    | Note
-------+----------+-------------------------------------------
     0 | D:1      | Shayle the Tengu Brigand began the quest for the Orb.
     0 | D:1      | Reached XP level 1. HP: 12/12 MP: 2/2
    65 | D:1      | Slain by a jackal

Illustrated notes

Levels and vault maps discovered:
D:1:      dpeg_arrival_oval, layout_basic,
          dreamdust_ecumenical_altar_angels_and_demons, hex_tiny, minivault_26,
          minmay_misc_feat_five

Action                   || total
-------------------------++-------
Melee: Dagger            ||     3
       Kick              ||     1
       Peck              ||     1
Throw: Dart              ||     4
Dodge: Dodged            ||     3
